AoeStats
← 公鸡神探

Lombardia

507751451Analyzed
4v4 RM · 13d ago on Sep 19, 2026· 50m 44s· 8 players
Game mode
Random Map
Map size
Large (8 player)
Population
200
Speed
Normal
Resources
Standard
Victory
Conquest
Starting age
Dark Age
Ending age
Imperial Age
RankedLock teamsTeams togetherTeam positionsShared explorationLock speedFull tech treeHidden civsTurbo modeCheats
Victory
Defeat
🇨🇳 Gurjaras · China
1122
+14
🇨🇳 Franks · China
1109
+14
1080
+15
🇦🇷 Cumans · Argentina
1042
+49
🇷🇺 Romans · Russia
1103
-16
🇬🇧 Japanese · United Kingdom
1094
-16
🇹🇷 Hindustanis · Türkiye
1067
-15
🇷🇺 Persians · Russia
1014
-13
DM
7:42 Loom
10:07 Feudal Age
15:54 Castle Age
22:48 Double-Bit Axe
22:48 Horse Collar
27:42 Scale Barding Armor
28:18 Bloodlines
28:08 Husbandry
29:00 Chain Barding Armor
30:26 Heavy Plow
32:36 Forging
34:10 Wheelbarrow
36:08 Iron Casting
36:02 Gold Mining
36:04 Stone Mining
36:41 Bow Saw
39:35 Imperial Age
37:53 Hand Cart
37:23 Town Watch
38:26 Fletching
39:13 Heavy Camel Rider
40:30 Plate Barding Armor
40:56 Blast Furnace
39:54 Bodkin Arrow
39:22 Elite Skirmisher
41:11 Gold Shaft Mining
41:05 Padded Archer Armor
42:06 Blast Furnace
42:43 Conscription
42:47 Leather Archer Armor
43:59 Chemistry
42:32 Light Cavalry
43:15 Hussar
44:38 Thumb Ring
Des
10:48 Feudal Age
9:36 Loom
14:45 Castle Age
13:56 Double-Bit Axe
16:37 Horse Collar
18:02 Wheelbarrow
22:56 Squires
23:22 Scale Mail Armor
23:32 Forging
23:26 Gold Mining
23:26 Stone Mining
24:02 Bow Saw
23:37 Pikeman
25:21 Stone Mining
27:05 Guard Tower
31:46 Imperial Age
31:14 Fletching
33:09 Keep
34:08 Yasama
34:31 Conscription
34:55 Kataparuto
34:58 Bodkin Arrow
35:01 Arrowslits
36:16 Chemistry
37:17 Halberdier
38:09 Forging
38:14 Chain Mail Armor
40:35 Bracer
40:36 Padded Archer Armor
43:10 Parthian Tactics
42:05 Heavy Cavalry Archer
42:51 Padded Archer Armor
44:02 Thumb Ring
47:03 Leather Archer Armor
47:10 Ballistics
49:39 Chemistry
Harkonnen
8:44 Loom
10:55 Feudal Age
16:23 Castle Age
14:49 Double-Bit Axe
14:47 Horse Collar
23:51 Gold Mining
25:00 Stone Mining
26:42 Pikeman
29:12 Wheelbarrow
31:01 Scale Mail Armor
34:44 Imperial Age
33:04 Fervor
32:49 Town Watch
33:42 Chain Mail Armor
35:11 Forging
35:36 Bow Saw
35:29 Heavy Plow
37:31 Ballistics
39:07 Fletching
39:52 Iron Casting
39:31 Heavy Scorpion
40:20 Halberdier
41:00 Squires
43:16 Blast Furnace
42:46 Siege Engineers
43:27 Murder Holes
44:33 Chemistry
49:53 Ballistas
50:09 Conscription
Avcı-47
7:25 Loom
9:52 Feudal Age
18:35 Castle Age
17:47 Double-Bit Axe
18:23 Fletching
18:24 Horse Collar
22:54 Wheelbarrow
25:44 Pikeman
28:37 Squires
29:39 Forging
30:56 Scale Mail Armor
37:46 Town Watch
40:49 Imperial Age
38:41 Gold Mining
38:42 Stone Mining
40:07 Scale Barding Armor
40:37 Iron Casting
40:32 Bow Saw
40:27 Heavy Plow
41:45 Chain Mail Armor
41:51 Chain Barding Armor
43:09 Chemistry
42:05 Murder Holes
42:32 Shatagni
45:30 Ballistics
Rusinho0277198
8:19 Loom
10:50 Feudal Age
11:25 Double-Bit Axe
14:24 Wheelbarrow
15:02 Horse Collar
18:12 Gold Mining
20:23 Castle Age
18:36 Bloodlines
19:32 Forging
19:34 Scale Barding Armor
21:51 Iron Casting
29:12 Light Cavalry
30:33 Town Watch
31:59 Hand Cart
32:10 Fletching
32:20 Padded Archer Armor
34:52 Imperial Age
32:28 Man-at-Arms
32:48 Capped Ram
33:21 Long Swordsman
34:26 Scale Mail Armor
34:26 Arson
34:43 Squires
36:54 Conscription
36:09 Two-Handed Swordsman
37:44 Gold Shaft Mining
37:37 Bow Saw
40:24 Champion
44:16 Leather Archer Armor
47:38 Siege Ram
翻斗花园突破手绫小路
11:23 Feudal Age
12:12 Double-Bit Axe
15:07 Castle Age
21:54 Wheelbarrow
24:02 Horse Collar
25:25 Stone Mining
26:05 Hand Cart
25:36 Town Watch
25:36 Loom
26:49 Heavy Plow
26:41 Gold Mining
28:11 Gold Shaft Mining
32:24 Imperial Age
31:36 Bow Saw
33:03 Padded Archer Armor
32:54 Fletching
33:28 Ballistics
34:08 Chemistry
33:30 Conscription
33:50 Thumb Ring
34:12 Parthian Tactics
33:09 Heavy Cavalry Archer
34:05 Recurve Bow
35:38 Leather Archer Armor
35:19 Bodkin Arrow
36:58 Ring Archer Armor
37:04 Town Patrol
37:05 Bracer
42:35 Scale Barding Armor
43:02 Crop Rotation
43:38 Two-Man Saw
42:55 Caravan
45:00 Bloodlines
44:52 Husbandry
44:40 Light Cavalry
45:46 Chain Barding Armor
45:40 Hussar
46:08 Capped Ram
无甲的joe
6:36 Loom
9:18 Feudal Age
16:04 Forging
23:46 Castle Age
22:22 Wheelbarrow
21:32 Town Watch
21:43 Gold Mining
22:14 Double-Bit Axe
26:38 Stone Mining
29:14 Wheelbarrow
28:31 Town Watch
35:08 Imperial Age
32:56 Bow Saw
33:34 Gold Shaft Mining
35:24 Iron Casting
34:50 Scale Mail Armor
35:33 Elite Throwing Axeman
36:35 #83
36:35 Conscription
37:41 Blast Furnace
36:49 Squires
36:35 Arson
37:59 Chain Mail Armor
40:14 Plate Mail Armor
43:46 Chemistry
47:02 Siege Engineers
公鸡神探
5:13 Loom
10:20 Feudal Age
11:34 Horse Collar
11:45 Double-Bit Axe
20:37 Castle Age
21:55 Bow Saw
22:47 Scale Barding Armor
22:52 Forging
23:29 Bloodlines
23:19 Husbandry
23:50 Gold Mining
25:22 Iron Casting
35:58 Scale Mail Armor
42:03 Imperial Age
41:16 Chain Barding Armor
41:12 Chain Mail Armor
41:30 Kshatriyas
43:08 Conscription
42:38 Heavy Camel Rider
44:07 Plate Mail Armor
44:13 Plate Barding Armor
46:58 Frontier Guards
47:15 Fletching
47:35 Elite Chakram Thrower
49:12 Arson
Connection lost

Rejoining the realm…

Still unreachable

The connection could not be restored.

Session expired

The server has moved on; the page needs a fresh start.